 Dungeon Crawl Stone Soup version 0.22-a0-422-g9628fc8 (webtiles) character file.

24 Jinx the Grave Robber (level 2, -2/21 HPs)
             Began as a Mummy Necromancer on May 16, 2018.
             Slain by a worker ant (6 damage)
             ... on level 1 of the Dungeon.
             The game lasted 00:05:28 (986 turns).

Jinx the Grave Robber (Mummy Necromancer)            Turns: 986, Time: 00:05:29

Health: -2/21      AC:  3    Str: 11    XL:     2   Next: 79%
Magic:  0/5        EV: 11    Int: 14    God:
Gold:   61         SH:  3    Dex: 12    Spells: 5/6 levels left

rFire    x . .     SeeInvis .   e - +0 whip
rCold    + . .     Gourm    .   h - +0 buckler
rNeg     + + +     Faith    .   a - +0 robe
rPois    ∞         Spirit   .   (no helmet)
rElec    .         Reflect  .   (no cloak)
rCorr    .         Harm     .   (no gloves)
MR       .....                  d - +0 pair of boots
Stlth    ++........             (no amulet)
HPRegen  0.07/turn              (no ring)
MPRegen  0.09/turn              (no ring)

@: no status effects
A: no food or potions, fire vulnerability, cold resistance 1, negative energy
resistance 3, torment resistance, unbreathing
a: no special abilities


You were on level 1 of the Dungeon.
You were not hungry.

You visited 1 branch of the dungeon, and saw 2 of its levels.

You collected 61 gold pieces.

Inventory:

Hand Weapons
 e - a +0 whip (weapon)
Armour
 a - a +0 robe (worn)
 d - a +0 pair of boots (worn)
 h - a +0 buckler (worn)
Scrolls
 b - 2 scrolls of identify {unknown}
 c - 2 scrolls of fog {unknown}
 f - a scroll of teleportation {unknown}
 g - a scroll of enchant weapon {unknown}


   Skills:
 + Level 1.4 Fighting
 + Level 0.4 Maces & Flails
 - Level 1.5 Dodging
 - Level 1.5 Stealth
 + Level 0.0 Shields
 - Level 2.6 Spellcasting
 + Level 4.4 Necromancy


You had 5 spell levels left.
You knew the following spells:

 Your Spells              Type           Power        Failure   Level  Hunger
a - Pain                  Necr           ##..         6%          1    N/A

Your spell library contained the following spells:

 Spells                   Type           Power        Failure   Level  Hunger
 Animate Dead             Necr           N/A          52%         4    N/A
 Animate Skeleton         Necr           N/A          6%          1    N/A
 Vampiric Draining        Necr           ##........   19%         3    N/A
 Regeneration             Chrm/Necr      #.........   41%         3    N/A

Dungeon Overview and Level Annotations

Branches:
Dungeon (2/15)

Altars:


Innate Abilities, Weirdness & Mutations

You do not eat or drink.
Your flesh is vulnerable to fire.
You are immune to poison.
Your flesh is cold resistant. (rC+)
You are immune to negative energy. (rN+++)
You are immune to unholy pain and torment.
You can survive without breathing.


Message History

You block the worker ant's attack. The worker ant closely misses you.
The worker ant closely misses you.
The worker ant waves its antennae.
You block the worker ant's attack.
Casting: Pain (safe; 6% risk of failure)
Confirm with . or Enter, or press ? or * to list all spells.
Aiming: Pain (safe; 6% risk of failure)
Press: ? - help, Shift-Dir - straight line, f - worker ant
Aim: a worker ant (moderately wounded, chance to defeat MR: 79%)
The worker ant barely resists.
The worker ant bites you. x2
Casting: Pain (safe; 6% risk of failure)
Confirm with . or Enter, or press ? or * to list all spells.
Aiming: Pain (safe; 6% risk of failure)
Press: ? - help, Shift-Dir - straight line, f/p - worker ant
Aim: a worker ant (lightly wounded, chance to defeat MR: 79%)
The worker ant writhes in agony!
The worker ant bites you!
* * * LOW HITPOINT WARNING * * *
The worker ant bites you.
You die...

####......#.....#.#.....#.......
#........##.......#.....#.#.....
#........##.......#....)#.###...
#........##+#.....#..<..#.##....
#....!............#.....#.......
#...........!.....#.....#..#....
#...###...........#.....#.......
#######........a..#.....#.......
#...........@#...............
##......#####.######.##.......
#.......#####...............#)
#.............######........#.
#....##.).....#.............#.
#....##.......#...............
#....##...............[.......
####...^###......................
.......#######.........####......


You could see a worker ant.

Vanquished Creatures
  An ooze (D:1)
  A leopard gecko (D:1)
  3 goblins (D:1)
  4 hobgoblins (D:1)
  3 kobolds (D:1)
  3 bats
  2 rats (D:1)
17 creatures vanquished.

Notes
Turn   | Place    | Note
-------+----------+-------------------------------------------
     0 | D:1      | Jinx the Mummy Necromancer began the quest for the Orb.
     0 | D:1      | Reached XP level 1. HP: 13/13 MP: 4/4
   211 | D:1      | Reached skill level 1 in Fighting
   222 | D:1      | Reached XP level 2. HP: 21/21 MP: 3/5
   986 | D:1      | Slain by a worker ant

Vault maps used:
D:1:      minmay_arrival_semitransparent, minmay_misc_feat_tower
D:2:      nicolae_overflow_crystal_walls, overflow_temple_1_default

Skill      XL: |  1 |
---------------+----+-----
Fighting       | 1 |  1.4
Maces & Flails | |  0.4
Dodging        | |  1.5
Stealth        | |  1.5
Spellcasting   | |  2.6
Necromancy     | |  4.4

Action                   || total
-------------------------++-------
Melee: Whip              ||     3
 Cast: Pain              ||    44
Armor: Robe              ||     4
Dodge: Dodged            ||    10
Block: Buckler           ||     4

Table legend:
 A = Spawn XP
 B = Non-spawn XP
 C = Spawn XP percentage of total XP
 D = Spawn monster count
 E = Non-spawn monster count
 F = Spawn count percentage of total count
 G = Total turns spent on level
                    A         B        C        D         E        F      G
               +---------+---------+-------+---------+---------+-------+---------
         Total |       0 |      35 |   0.0 |       0 |      17 |   0.0 |   986
               +---------+---------+-------+---------+---------+-------+---------
           D:1 |       0 |      34 |   0.0 |       0 |      16 |   0.0 |   981
           D:2 |       0 |       1 |   0.0 |       0 |       1 |   0.0 |     5
               +---------+---------+-------+---------+---------+-------+---------
